 Dungeon Crawl Stone Soup version 0.28-a0-687-gb91baff9cc (webtiles) character file.

Game seed: 11482289998311361473

1456 Woods the Grave Robber (level 8, -3/51 (58) HPs)
             Began as a Gnoll Necromancer on Oct 19, 2021.
             Was a High Priest of Cheibriados.
             Slain by a wight (4 damage)
             ... on level 6 of the Dungeon.
             The game lasted 00:14:49 (7360 turns).

Woods the Grave Robber (Gnoll Necromancer)          Turns: 7360, Time: 00:14:49

HP:   -3/51 (58)    AC:  2    Str: 18    XL:     8   Next: 76%
MP:   14/17         EV: 27    Int: 28    God:    Cheibriados [*****.]
Gold: 295           SH:  0    Dex: 29    Spells: 3/19 levels left

rFire   . . .      SeeInvis .     - Unarmed
rCold   . . .      Faith    .   (shield currently unavailable)
rNeg    . . .      Spirit   .   (armour currently unavailable)
rPois   x          Reflect  .   (helmet currently unavailable)
rElec   .          Harm     .   (cloak currently unavailable)
rCorr   .          Rampage  .   (gloves currently unavailable)
Will    .....                   (boots currently unavailable)
Stlth   ++++......              h - amulet of regeneration
HPRegen 1.17/turn               (no ring)
MPRegen 0.15/turn               (no ring)

@: spider-form, heavily drained, very slow
A: venomous fangs, tiny, (fangs 1), strong nose, distributed training
a: End Transformation, Renounce Religion, Bend Time, Temporal Distortion,
Slouch, Step From Time


You were on level 6 of the Dungeon.
You worshipped Cheibriados.
Cheibriados was extremely pleased with you.
You were a venomous arachnid creature.
You visited 1 branch of the dungeon, and saw 7 of its levels.

You collected 295 gold pieces.

Inventory:

Hand Weapons
 u - a +0 mace of protection (melded)
Missiles
 m - a throwing net
Armour
 a - a +0 robe (melded)
 x - a +0 chain mail
 B - a +1 cloak (melded)
Jewellery
 h - an amulet of regeneration (around neck)
 y - a ring of poison resistance
Wands
 e - a wand of paralysis (7)
 q - a wand of mindburst (9)
 A - a wand of iceblast (5)
Scrolls
 b - 2 scrolls of amnesia {unknown}
 c - 3 scrolls of teleportation {unknown}
 d - a scroll of blinking {unknown}
 f - a scroll of acquirement {unknown}
 j - a scroll of silence {unknown}
 l - 2 scrolls of enchant weapon {unknown}
 t - 8 scrolls of identify {unknown}
 v - 2 scrolls of fog {unknown}
 w - a scroll of vulnerability {unknown}
 z - a scroll of noise {unknown}
Potions
 g - a potion of might {unknown}
 i - 3 potions of heal wounds {unknown}
 k - 2 potions of attraction {unknown}
 n - a potion of cancellation {unknown}
 o - a potion of brilliance {unknown}
 p - 5 potions of curing {unknown}
 r - a potion of lignification {unknown}
 s - 2 potions of degeneration {unknown}


   Skills:
 + Level 3.5 Fighting
 + Level 3.5 Short Blades
 + Level 3.5 Long Blades
 + Level 3.5 Axes
 + Level 3.5 Maces & Flails
 + Level 3.5 Polearms
 + Level 3.5 Staves
 + Level 3.5 Slings
 + Level 3.5 Bows
 + Level 3.5 Crossbows
 + Level 3.5 Throwing
 + Level 3.5 Armour
 + Level 5.8 Dodging
 + Level 5.5 Stealth
 + Level 3.5 Shields
 + Level 3.5 Unarmed Combat
 + Level 6.2 Spellcasting
 + Level 2.9 Conjurations
 + Level 2.9 Hexes
 + Level 2.9 Summonings
 + Level 7.7 Necromancy
 + Level 2.9 Translocations
 + Level 2.9 Transmutations
 + Level 2.9 Fire Magic
 + Level 2.9 Ice Magic
 + Level 2.9 Air Magic
 + Level 2.9 Earth Magic
 + Level 2.9 Poison Magic
 + Level 3.9 Invocations
 + Level 3.5 Evocations


You had 3 spell levels left.
You knew the following spells:

 Your Spells              Type           Power      Damage    Failure   Level
a - Pain                  Necr           100%       1d9       2%          1
b - Vampiric Draining     Necr           25%        2d9       4%          3
c - Animate Dead          Necr           25%        N/A       10%         4
d - Agony                 Necr           51%        N/A       19%         5
e - Spider Form           Tmut/Pois      12%        N/A       16%         3

Your spell library contained the following spells:

 Spells                   Type           Power      Damage    Failure   Level
 Animate Skeleton         Necr           100%       N/A       2%          1
 Beastly Appendage        Tmut           50%        N/A       8%          1
 Wereblood                Tmut           25%        N/A       10%         2


Dungeon Overview and Level Annotations

Branches:
Dungeon (7/15)             Temple (0/1) D:6

Altars:
Cheibriados
Kikubaaqudgha


Innate Abilities, Weirdness & Mutations

You are a venomous arachnid creature.
You have poisonous fangs.
You are tiny and dextrous.
Your spellcasting is less reliable in this form.
Your armour is entirely melded.
You are incapable of wielding weapons or throwing items.
((You have very sharp teeth.))
Your uncanny sense of smell can sniff out nearby items.
Your experience applies equally to all skills.


Message History

You hit the wight. Your bite misses the wight.
The wight is lightly damaged.
The wight hits you but does no damage.
You sock the wight!
The wight is severely damaged.
A wight comes into view. It is wielding a +3 mace of freezing.
The wight barely misses you.
The wight hits you with a +2 short sword of freezing.
You feel drained. The wight freezes you. The wight misses you.
The wight barely misses you.
You closely miss the wight.
The wight is severely damaged.
The wight hits you with a +2 short sword of freezing!
You feel drained. The wight freezes you.
The wight hits you with a +3 mace of freezing.
You feel drained. The wight freezes you.
The wight hits you with a +2 short sword of freezing.
You feel drained. The wight freezes you. The wight closely misses you.
The wight hits you with a +3 mace of freezing.
The wight freezes you.
* * * LOW HITPOINT WARNING * * *
There is a stone staircase leading up here.
You closely miss the wight.
The wight hits you with a +3 mace of freezing!
* * * LOW HITPOINT WARNING * * *
The wight freezes you.
* * * LOW HITPOINT WARNING * * *
The wight closely misses you.
You climb upwards.
There is a stone staircase leading down here.
Casting: Pain (safe; 1% risk of failure)
Confirm with . or Enter, or press ? or * to list all spells.
You turn into a venomous arachnid creature.
Your +0 mace of protection melds into your body.
Your +1 cloak melds into your body.
Your +0 robe melds into your body.
Your +0 mace of protection goes still.
The wight hits you with a +3 mace of freezing!
* * * LOW HITPOINT WARNING * * *
You feel drained. The wight freezes you.
You die...

#......># #.# #.# #.#
#.......###.###.# #.#
#......[........#######.##
#............#...........##
#...............#####......
####.###.....).............
#............#..#####.#..##
#.#####.##.###..##.......##
#.# #.##s# #.............
#.# #..z.# #)##...#.##.##
#.#####.#.####........##.#
#.#..........#.....#.....#
#..###.......##...###.####
#.## ##......###.## ##.#
#.# ##............###.##
#.###(.......#####.#..#
##.##...............#.#


You could see a wight.

Vanquished Creatures
  2 sky beasts
  A hornet zombie (D:6)
  A necrophage (D:6)
  An ogre (D:5)
  A phantom (D:5)
  2 centaurs
  A scorpion (D:6)
  2 howler monkeys (D:6)
  A bullfrog zombie (D:3)
  3 orc priests
  A hound (D:4)
  A gnoll shaman (D:6)
  2 iguanas (D:6)
  Ijyb (D:3)
  An orc wizard (D:5)
  3 hound skeletons (D:4)
  A howler monkey zombie (D:5)
  3 gnolls (D:6)
  5 adders
  An ufetubus (D:5)
  4 worms
  2 dart slugs
  3 orcs
  6 ball pythons
  12 endoplasms
  2 giant cockroaches
  6 hobgoblins
  11 jackals
  7 kobolds
  4 quokkas
  6 bats
  5 frilled lizards
  11 goblins
  6 rats
119 creatures vanquished.

Vanquished Creatures (collateral kills)
  A scorpion (D:5)
  A bullfrog zombie (D:5)
  An orc wizard (D:5)
  2 orcs (D:5)
  A kobold (D:3)
6 creatures vanquished.

Grand Total: 125 creatures vanquished

Notes
Turn   | Place    | Note
-------+----------+-------------------------------------------
     0 | D:1      | Woods the Gnoll Necromancer began the quest for the Orb.
     0 | D:1      | Reached XP level 1. HP: 13/13 MP: 6/6
   388 | D:1      | Reached XP level 2. HP: 15/19 MP: 3/7
   492 | D:1      | Found a faded altar of an unknown god.
   494 | D:1      | Noticed a floating eye
   494 | D:1      | Noticed a golden eye
   495 | D:1      | Noticed a golden eye
   495 | D:1      | Noticed a golden eye
   742 | D:1      | Prayed at the altar of an unknown god.
   742 | D:1      | Became a worshipper of Cheibriados the Contemplative
   742 | D:1      | Reached * piety under Cheibriados
   864 | D:1      | Reached XP level 3. HP: 22/25 MP: 5/9
   880 | D:1      | Reached skill level 5 in Spellcasting
   904 | D:1      | Learned a level 3 spell: Vampiric Draining
  1331 | D:2      | Reached ** piety under Cheibriados
  1332 | D:2      | Reached skill level 1 in Invocations
  1662 | D:2      | Reached skill level 1 in Fighting
  1662 | D:2      | Reached skill level 1 in Short Blades
  1662 | D:2      | Reached skill level 1 in Long Blades
  1662 | D:2      | Reached skill level 1 in Axes
  1662 | D:2      | Reached skill level 1 in Maces & Flails
  1662 | D:2      | Reached skill level 1 in Polearms
  1662 | D:2      | Reached skill level 1 in Staves
  1662 | D:2      | Reached skill level 1 in Slings
  1662 | D:2      | Reached skill level 1 in Bows
  1662 | D:2      | Reached skill level 1 in Crossbows
  1662 | D:2      | Reached skill level 1 in Throwing
  1662 | D:2      | Reached skill level 1 in Armour
  1662 | D:2      | Reached skill level 1 in Shields
  1662 | D:2      | Reached skill level 1 in Unarmed Combat
  1662 | D:2      | Reached skill level 1 in Evocations
  1850 | D:2      | Reached XP level 4. HP: 32/32 MP: 4/11
  1855 | D:2      | Learned a level 4 spell: Animate Dead
  2808 | D:3      | Reached skill level 1 in Conjurations
  2808 | D:3      | Reached skill level 1 in Hexes
  2808 | D:3      | Reached skill level 1 in Summonings
  2808 | D:3      | Reached skill level 1 in Translocations
  2808 | D:3      | Reached skill level 1 in Transmutations
  2808 | D:3      | Reached skill level 1 in Fire Magic
  2808 | D:3      | Reached skill level 1 in Ice Magic
  2808 | D:3      | Reached skill level 1 in Air Magic
  2808 | D:3      | Reached skill level 1 in Earth Magic
  2808 | D:3      | Reached skill level 1 in Poison Magic
  3085 | D:3      | Found an ancient bone altar of Kikubaaqudgha.
  3099 | D:3      | Reached *** piety under Cheibriados
  3187 | D:3      | Reached XP level 5. HP: 37/37 MP: 4/12
  3782 | D:3      | Noticed Ijyb
  3811 | D:3      | Killed Ijyb
  4162 | D:3      | Reached XP level 6. HP: 35/44 MP: 13/13
  4174 | D:3      | Learned a level 5 spell: Agony
  4511 | D:4      | Reached skill level 5 in Dodging
  4743 | D:4      | Reached **** piety under Cheibriados
  5233 | D:5      | Entered Level 5 of the Dungeon
  5322 | D:5      | Reached XP level 7. HP: 50/50 MP: 8/15
  5387 | D:5      | Reached skill level 5 in Stealth
  5860 | D:5      | Reached XP level 8. HP: 57/57 MP: 12/16
  6692 | D:6      | Learned a level 3 spell: Spider Form
  6752 | D:6      | Found a staircase to the Ecumenical Temple.
  6861 | D:6      | Reached ***** piety under Cheibriados
  7360 | D:6      | HP: 1/53 [wight (9)]
  7360 | D:6      | Slain by a wight

Illustrated notes

Levels and vault maps discovered:
D:1:      dpeg_arrival_windows_large_door, layout_loops_cross,
          hellmonk_ecumenical_altar_watching_god, minivault_11
D:2:      layout_basic
D:3:      kennysheep_goblin_castle, layout_rooms, kiku_gazebo_pond_becter
D:4:      layout_loops_ring
D:5:      layout_basic, hangedman_decor_riveting
D:6:      layout_loops_ring, minmay_temple_entry_poolview, nrook_pool_corridor
D:7:      layout_basic, uniq_maggie

Skill      XL: |  1  2  3  4  5  6  7  8 |
---------------+-------------------------+-----
Spellcasting   | 5 6 |  6.2
Invocations    | 1 2 3 |  3.9
Fighting       | 1 2 3 |  3.5
Short Blades   | 1 2 3 |  3.5
Long Blades    | 1 2 3 |  3.5
Axes           | 1 2 3 |  3.5
Maces & Flails | 1 2 3 |  3.5
Polearms       | 1 2 3 |  3.5
Staves         | 1 2 3 |  3.5
Slings         | 1 2 3 |  3.5
Bows           | 1 2 3 |  3.5
Crossbows      | 1 2 3 |  3.5
Throwing       | 1 2 3 |  3.5
Armour         | 1 2 3 |  3.5
Shields        | 1 2 3 |  3.5
Unarmed Combat | 1 2 3 |  3.5
Evocations     | 1 2 3 |  3.5
Conjurations   | 1 2 |  2.9
Hexes          | 1 2 |  2.9
Summonings     | 1 2 |  2.9
Translocations | 1 2 |  2.9
Transmutations | 1 2 |  2.9
Fire Magic     | 1 2 |  2.9
Ice Magic      | 1 2 |  2.9
Air Magic      | 1 2 |  2.9
Earth Magic    | 1 2 |  2.9
Poison Magic   | 1 2 |  2.9
Dodging        | 5 |  5.8
Stealth        | 5 |  5.5
Necromancy     | |  7.7

Action                   |  1- 3 |  4- 6 |  7- 9 || total
-------------------------+-------+-------+-------++-------
Melee: Unarmed           |     3 |       |    12 ||    15
       Falchion          |     2 |    39 |       ||    41
       Bite              |       |    15 |    13 ||    28
       Mace              |       |    24 |    86 ||   110
       Punch             |       |       |     1 ||     1
 Cast: Pain              |    66 |    84 |    34 ||   184
       Vampiric Draining |     3 |    17 |    12 ||    32
       Animate Dead      |       |     3 |     3 ||     6
       Spider Form       |       |       |     2 ||     2
 Stab: Sleeping          |       |       |     3 ||     3
Armor: Robe              |     3 |    29 |    30 ||    62
Dodge: Dodged            |    17 |    93 |    93 ||   203

Table legend: (Time is in decaauts)
 A = Elapsed time spent in this place.
 B = Non-inter-level travel time spent in this place.
 C = Inter-level travel time spent in this place.
 D = Time resting spent in this place.
 E = Time spent auto-exploring this place.
 F = Levels seen in this place.
 G = Mean time per level.
                   A        B        C        D        E       F      G
               +--------+--------+--------+--------+--------+-----+--------+
         Total |   9754 |   9387 |    367 |   1468 |   6409 |   7 | 1393.4 |
       Dungeon |   9754 |   9387 |    367 |   1468 |   6409 |   7 | 1393.4 |
               +--------+--------+--------+--------+--------+-----+--------+

Top non-repeatable levels by time:
     D:3: 2288 daAuts
     D:6: 1773 daAuts
     D:2: 1716 daAuts
     D:1: 1468 daAuts
     D:5: 1345 daAuts
     D:4: 1145 daAuts
     D:7: 16 daAuts
